 Dungeon Crawl Stone Soup version 0.28-a0-750-g7c675f85b1 (webtiles) character file.

Game seed: 13018727890814951530

176 willcat the Sneak (level 5, -1/31 HPs)
             Began as a Deep Elf Delver on Oct 29, 2021.
             Slain by a bullfrog (5 damage)
             ... on level 5 of the Dungeon.
             The game lasted 00:01:05 (345 turns).

willcat the Sneak (Deep Elf Delver)                  Turns: 345, Time: 00:01:05

Health: -1/31      AC:  3    Str:  9    XL:     5   Next: 30%
Magic:  7/7        EV: 13    Int: 16    God:
Gold:   29         SH:  0    Dex: 16    Spells: 4/4 levels left

rFire   . . .      SeeInvis .   a - +0 short sword
rCold   . . .      Faith    .   (no shield)
rNeg    . . .      Spirit   .   b - +0 leather armour
rPois   .          Reflect  .   (no helmet)
rElec   .          Harm     .   (no cloak)
rCorr   .          Rampage  .   (no gloves)
Will    .....                   (no boots)
Stlth   +++.......              (no amulet)
HPRegen 0.10/turn               (no ring)
MPRegen 0.10/turn               (no ring)

@: no status effects
A: no striking features
a: no special abilities


You were on level 5 of the Dungeon.
You visited 1 branch of the dungeon, and saw 2 of its levels.

You collected 29 gold pieces.

Inventory:

Hand Weapons
 a - a +0 short sword (weapon)
Armour
 b - a +0 leather armour (worn)
Jewellery
 j - a ring of ice
Wands
 g - a wand of digging (3)
Scrolls
 c - 2 scrolls of fog
 d - a scroll of magic mapping
 e - a scroll of fear
 i - a scroll of identify {unknown}
Potions
 f - a potion of haste
 h - a potion of curing {unknown}
 k - a potion of attraction {unknown}


   Skills:
 - Level 2.4 Fighting
 + Level 3.5 Short Blades
 + Level 4.3 Dodging
 + Level 7.2 Stealth


You had 4 spell levels left.
You didn't know any spells.
Your spell library was empty.

Dungeon Overview and Level Annotations

Branches:
Dungeon (6/15)
 Temple: D:4-7

Altars:


Message History

The bullfrog completely misses you.
The bullfrog releases a deep croak.
The bullfrog hits you.
The centaur skeleton hits you but does no damage.
The centaur skeleton misses you. The bullfrog hits you.
A kobold comes into view. It is wielding a +0 dagger.
There is a stone staircase leading up here.
Unknown command.
The bullfrog barely misses you.
The centaur skeleton hits you but does no damage.
The centaur skeleton barely misses you. The bullfrog hits you.
The centaur skeleton barely misses you.
The centaur skeleton closely misses you.
You climb upwards.
There is a stone staircase leading down here.
Found an escape hatch in the floor.
Found a short sword.
The bullfrog hits you.
You miss the bullfrog. The bullfrog barely misses you.
You miss the bullfrog.
The bullfrog hits you but does no damage.
The bullfrog hits you.
You hit the bullfrog.
The bullfrog is lightly wounded.
The bullfrog hits you.
You hit the bullfrog.
The bullfrog is moderately wounded.
The bullfrog misses you. The bullfrog closely misses you.
You closely miss the bullfrog.
The bullfrog is moderately wounded.
The bullfrog hits you!
* * * LOW HITPOINT WARNING * * *
You hit the bullfrog.
The bullfrog is heavily wounded.
The bullfrog barely misses you. The bullfrog hits you.
* * * LOW HITPOINT WARNING * * *
You hit the bullfrog.
The bullfrog is heavily wounded.
The bullfrog hits you.
You die...

........###............
.....#..##..........g..
.....#......##..##.$g.
#.......##..# #.#
##.##.##>....# ..# ...
# #...>..#.#.... ....#
#........... <
......#F..........
...)...@.........#
..................
..............#...
##.............#..
#..#...........### ..
....>........ #
.....##....... #.....
...#..


You could see a bullfrog.

Vanquished Creatures
  A black bear (D:5)
  A bullfrog zombie (D:5)
  A hound (D:5)
  A gnoll (D:6)
  An ufetubus (D:5)
5 creatures vanquished.

Notes
Turn   | Place    | Note
-------+----------+-------------------------------------------
     0 | D:5      | willcat the Deep Elf Delver began the quest for the Orb.
     0 | D:5      | Reached XP level 1. HP: 13/13 MP: 3/3
    33 | D:5      | Noticed a hound
    55 | D:5      | Killed a hound
    56 | D:5      | Reached XP level 2. HP: 18/18 MP: 4/4
    56 | D:5      | Reached XP level 3. HP: 22/22 MP: 5/5
    74 | D:5      | Noticed a black bear
    81 | D:5      | Killed a black bear
    82 | D:5      | Reached skill level 7 in Stealth
    82 | D:5      | Reached XP level 4. HP: 24/27 MP: 6/6
   126 | D:5      | Reached XP level 5. HP: 18/31 MP: 7/7
   345 | D:5      | Slain by a bullfrog

Illustrated notes

Levels and vault maps discovered:
D:5:      layout_cave_pools
D:6:      layout_rooms, nemelex_altar_shiori,
          nicolae_hepliaklqana_monster_ancestors, serial_park_tiny_2

Skill      XL: |  1  2  3 |
---------------+----------+-----
Dodging        | 3 4 |  4.3
Short Blades   | 3 |  3.5
Stealth        | 7 |  7.2
Fighting       | |  2.4

Action                   |  1- 3 |  4- 6 || total
-------------------------+-------+-------++-------
Melee: Short sword       |     7 |    14 ||    21
Throw: Throwing net      |       |     1 ||     1
 Stab: Sleeping          |     3 |     1 ||     4
       Held in net/web   |       |     1 ||     1
Armor: Leather armour    |       |     4 ||     4
Dodge: Dodged            |     6 |    14 ||    20

Table legend: (Time is in decaauts)
 A = Elapsed time spent in this place.
 B = Non-inter-level travel time spent in this place.
 C = Inter-level travel time spent in this place.
 D = Time resting spent in this place.
 E = Time spent auto-exploring this place.
 F = Levels seen in this place.
 G = Mean time per level.
                   A        B        C        D        E       F      G
               +--------+--------+--------+--------+--------+-----+--------+
         Total |    344 |    344 |      0 |    130 |     51 |   2 |  172.0 |
       Dungeon |    344 |    344 |      0 |    130 |     51 |   2 |  172.0 |
               +--------+--------+--------+--------+--------+-----+--------+

Top non-repeatable levels by time:
     D:5: 303 daAuts
     D:6: 40 daAuts
